 Dungeon Crawl Stone Soup version 0.20-a0-960-ge493e74 (webtiles) character file.

44 MrRokkomies the Bolt Thrower (level 3, -2/23 HPs)
             Began as a Kobold Hunter on Apr 7, 2017.
             Killed by nerve-wracking pain
             ... invoked by Jessica
              (13 damage)
             ... on level 2 of the Dungeon.
             The game lasted 00:02:05 (1792 turns).

MrRokkomies the Bolt Thrower (Kobold Hunter)        Turns: 1792, Time: 00:02:05

Health: -2/23      AC:  5    Str: 10    XL:     3   Next: 87%
Magic:  3/3        EV: 13    Int: 12    God:
Gold:   79         SH:  0    Dex: 15    Spells: 2/2 levels left

rFire    . . .     SeeInvis .   a - +2 hand crossbow
rCold    . . .     Gourm    .   (shield restricted)
rNeg     . . .     Faith    .   k - +0 ring mail
rPois    .         Spirit   .   (no helmet)
rElec    .         Reflect  .   (no cloak)
rCorr    .         Harm     .   (no gloves)
MR       .....                  (no boots)
Stlth    +.........             (no amulet)
Regen    0.1/turn               (no ring)
MPRegen  0.1/turn               (no ring)

@: slowed, very slow
A: carnivore 3
a: no special abilities


You were on level 2 of the Dungeon.
You were full.

You visited 1 branch of the dungeon, and saw 2 of its levels.

You collected 79 gold pieces.

Inventory:

Hand Weapons
 a - a +2 hand crossbow (weapon)
 b - a +0 short sword
Missiles
 d - 14 bolts (quivered)
Armour
 k - a +0 ring mail (worn)
Scrolls
 g - 3 scrolls of enchant weapon
 j - a scroll of recharging
Potions
 c - a potion of curing {unknown}
 h - a potion of haste {unknown}
 i - a potion of flight {unknown}
 l - 2 potions of heal wounds {unknown}
 n - a potion of berserk rage {unknown}
Comestibles
 f - a meat ration


   Skills:
 * Level 3.5 Fighting
 * Level 5.4 Crossbows
 - Level 2.4 Dodging
 - Level 1.3 Stealth


You had 2 spell levels left.
You didn't know any spells.

Dungeon Overview and Level Annotations

Branches:
Dungeon (2/15)

Altars:

Annotations:
D:2 Jessica


Innate Abilities, Weirdness & Mutations

You are small and have problems with some larger weapons.
You are carnivorous and can eat meat at any time.


Message History

Pain shoots through your body!
Ouch! That really hurt!
Jessica hits you but does no damage.
You are too injured to fight recklessly!
Firing (i - inventory):
d - 16 bolts (quivered)
Press: ? - help, Shift-Dir - straight line, f/p - Jessica
Aim: Jessica, wielding a club and wearing an embroidered robe (moderately wounded)
You shoot a bolt.
The bolt hits Jessica but does no damage.
Jessica is moderately wounded.
Jessica hits you but does no damage. Jessica hits you with a club.
Firing (i - inventory):
d - 15 bolts (quivered)
Press: ? - help, Shift-Dir - straight line, f/p - Jessica
Aim: Jessica, wielding a club and wearing an embroidered robe (moderately wounded)
You shoot a bolt. The bolt barely misses Jessica.
Jessica very coldly says, "I hate your company."
Jessica gestures at you while chanting. Pain shoots through your body!
Ouch! That really hurt!
You die...

#..
#.#######
#.#<..#..
..##.##.# #
...)....#.#
...#....#.#
...###....#
.>.###..###
#.#######
.#......#
#.(.@@.(#
.#####.##
#.#####.#
.'......#
#.#
.#####(.#
#.# .#
#.#..# #.#
.# #....#
#.# ##
#.#.......
#.#
###.######.#
#.#
#........#
#.#


You could see Jessica.

Vanquished Creatures
  An adder (D:2)
  An ooze (D:1)
  A dart slug (D:1)
  A giant cockroach (D:1)
  4 hobgoblins
  7 jackals (D:1)
  3 kobolds (D:1)
  2 bats (D:1)
  A frilled lizard (D:2)
  A goblin (D:1)
  5 rats
27 creatures vanquished.

Notes
Turn   | Place    | Note
-------+----------+-------------------------------------------
     0 | D:1      | MrRokkomies the Kobold Hunter began the quest for the Orb.
     0 | D:1      | Reached XP level 1. HP: 12/12 MP: 1/1
    45 | D:1      | Reached skill level 5 in Crossbows
    48 | D:1      | Reached XP level 2. HP: 7/18 MP: 2/2
   634 | D:1      | Reached XP level 3. HP: 13/22 MP: 3/3
  1780 | D:2      | Noticed Jessica
  1792 | D:2      | Killed from afar by Jessica

Vault maps used:
D:1:      lightli_arrival_lavapool, roderic_lattice_a
D:2:      grunt_temple_overflow_open, first_bread, uniq_jessica, uniq_terence

Skill      XL: |  1  2  3 |
---------------+----------+-----
Crossbows      | 5 |  5.4
Fighting       | 3 |  3.5
Dodging        | |  2.4
Stealth        | |  1.3

Action                   || total
-------------------------++-------
Melee: Short sword       ||    96
 Fire: Hand crossbow     ||    20
  Use: Scroll            ||     5
 Stab: Sleeping          ||     3
  Eat: Chunk             ||     7
Armor: Leather armour    ||    12
       Ring mail         ||     9
Dodge: Dodged            ||    81
